 Dungeon Crawl Stone Soup version 0.31-a0-1074-g0b22e4e0f1 (webtiles) character file.

Game seed: 6253896139070700497

1531 jlumianski the Ruffian (level 8, -4/61 HPs)
             Began as a Gnoll Shapeshifter on Dec 8, 2023.
             Slain by Crazy Yiuf
             ... wielding a +3 quarterstaff of chaos
              (6 damage)
             ... on level 4 of the Dungeon.
             The game lasted 00:16:15 (4632 turns).

jlumianski the Ruffian (Gnoll Shapeshifter)         Turns: 4632, Time: 00:16:15

Health: -4/61      AC: 11    Str: 15 (16) XL:     8   Next: 85%
Magic:  13/13      EV:  9    Int:  8 (10) God:
Gold:   197        SH:  0    Dex: 16 (17) Spells: 14/14 levels left

rFire   . .          .
                       - Unarmed
rCold   . . .        (shield currently unavailable)
rNeg    . . .        y - +0 chain mail
rPois   .            (no helmet)
rElec   .            t - +1 cloak
rCorr   .            (no gloves)
SInv    .            (no boots)
Will    .....        (no amulet) Stlth
                     s - ring of flight
HPRegen 0.30/turn    B - +6 ring of dexterity
MPRegen 0.13/turn

%: no passive effects
@: lethally poisoned (-4 -> -7), flux-form, flying, glowing
A: glow, contaminating, fangs 1, strong nose, distributed training
a: Begin Untransformation


You were on level 4 of the Dungeon.
You were something dangerously unstable.
You visited 1 branch of the dungeon, and saw 5 of its levels.
You also visited: Ossuary.

You collected 197 gold pieces.

Inventory:

Missiles
 f - 3 poisoned darts
 j - 11 boomerangs (quivered)
Armour
 a - a +0 animal skin
 i - a +0 scale mail
 q - a +1 robe of willpower
 t - a +1 cloak (worn)
 y - a +0 chain mail (worn)
Jewellery
 s - a ring of flight (left hand)
 A - a ring of wizardry
 B - a +6 ring of dexterity (right hand)
Talismans
 c - a beast talisman
 d - a flux talisman (active)
Wands
 C - a wand of paralysis (4)
Scrolls
 e - 3 scrolls of noise
 g - 2 scrolls of amnesia
 h - a scroll of fog
 k - 4 scrolls of blinking
 m - a scroll of summoning
 n - 2 scrolls of teleportation
 r - a scroll of fear
Potions
 b - a potion of lignification
 l - a potion of invisibility
 o - a potion of mutation
 p - a potion of enlightenment {unknown}
 u - 3 potions of degeneration
 v - 2 potions of curing
 w - a potion of attraction {unknown}
 x - a potion of haste
 z - a potion of cancellation {unknown}


   Skills:
 + Level 4.5 Fighting
 + Level 3.7 Short Blades
 + Level 3.7 Long Blades
 + Level 3.7 Axes
 + Level 3.7 Maces & Flails
 + Level 3.7 Polearms
 + Level 3.7 Staves
 + Level 3.7 Ranged Weapons
 + Level 3.7 Throwing
 + Level 3.7 Armour
 + Level 6.0 Dodging
 + Level 3.7 Stealth
 + Level 3.7 Shields
 + Level 7.6 Unarmed Combat
 + Level 3.7 Spellcasting
 + Level 3.0 Conjurations
 + Level 3.0 Hexes
 + Level 3.0 Summonings
 + Level 3.0 Necromancy
 + Level 3.0 Translocations
 + Level 3.0 Transmutations
 + Level 3.0 Fire Magic
 + Level 3.0 Ice Magic
 + Level 3.0 Air Magic
 + Level 3.0 Earth Magic
 + Level 3.0 Poison Magic
 + Level 4.1 Invocations
 + Level 3.7 Evocations
 + Level 7.4 Shapeshifting


You had 14 spell levels left.
You didn't know any spells.
Your spell library was empty.

Dungeon Overview and Level Annotations

Branches:
Dungeon (5/15)            Ossuary (visited)
 Temple: D:4-7

Altars:
Kikubaaqudgha
Qazlal

Annotations:
D:4 Crazy Yiuf


Innate Abilities, Weirdness & Mutations

You are something dangerously unstable.
You glow with magical radiation, making you easy to see and hit.
Foes you strike become dangerously contaminated with magical radiation.
You are incapable of wielding weapons or throwing items.
You have very sharp teeth.
Your uncanny sense of smell can sniff out nearby items.
Your experience applies equally to all skills.


Message History

There is a stone staircase leading down here.
A ball python comes into view.
The ball python hisses angrily.
The ball python closely misses you. The ball python grabs you.
The ball python constricts you.
You hit the ball python.
You kill the ball python!
You now have 197 gold pieces (gained 3).
You reach down and open the door.
Things that are here:
a +0 ring mail; a +0 club
Found a hammer.
Found a runed translucent door.
Crazy Yiuf says, "Fluff arm Orb Guardian!"
You reach down and open the door.
You barely miss Crazy Yiuf.
Crazy Yiuf hits you with a +3 quarterstaff of chaos!
You closely miss Crazy Yiuf.
Crazy Yiuf hits you with a +3 quarterstaff of chaos.
You barely miss Crazy Yiuf. Your bite misses Crazy Yiuf.
Crazy Yiuf whimpers, "Fire cloud koolooloo!"
Crazy Yiuf hits you but does no damage.
You hit Crazy Yiuf but do no damage.
Crazy Yiuf begins to glow.
Crazy Yiuf closely misses you.
You barely miss Crazy Yiuf.
Crazy Yiuf cries, "Mugger tea tired!"
Crazy Yiuf hits you with a +3 quarterstaff of chaos.
You are poisoned.
You hit Crazy Yiuf.
Crazy Yiuf glows dangerously bright.
You bite Crazy Yiuf, but do no damage.
Crazy Yiuf is lightly wounded.
You feel sick.
Crazy Yiuf hits you with a +3 quarterstaff of chaos!
You are electrocuted!!
* * * LOW HITPOINT WARNING * * *
You barely miss Crazy Yiuf.
Crazy Yiuf is lightly wounded.
Crazy Yiuf hits you with a +3 quarterstaff of chaos!
* * * LOW HITPOINT WARNING * * *
Crazy Yiuf burns you.
You die...

#.......####
#.......##..
#.......##.#
####........
#....##..
#######....##..
###
###.#..#.#.####..
#...##..#...[...#
##..
#...gp####......#
#... #)..###
##.#..## #... ###
###### #..( ##..
#.. #######..
#.....'..
#######.. #..


You could see Crazy Yiuf (heavy contam).

Vanquished Creatures
  Grinder (D:3)
  Duvessa (D:4)
  An ice beast (D:3)
  A phantom (D:5)
  5 elf zombies (Ossuary)
  Blork the orc (D:4)
  A scorpion (D:5)
  Dowan (D:4)
  5 human zombies (Ossuary)
  2 centaur zombies (Ossuary)
  2 orc priests
  A sleepcap (D:3)
  Ijyb (D:4)
  3 orc wizards
  3 mummies (Ossuary)
  2 gnolls (D:1)
  2 adders (D:5)
  2 worms (D:2)
  A dart slug (D:1)
  6 orcs
  7 bats
  9 endoplasms
  5 giant cockroaches
  2 goblins (D:1)
  4 hobgoblins
  6 kobolds
  3 quokkas
  4 ball pythons
  5 frilled lizards
  4 rats
91 creatures vanquished.

Notes
Turn   | Place    | Note
-------+----------+-------------------------------------------
     0 | D:1      | jlumianski the Gnoll Shapeshifter began the quest for the
                  | Orb.
     0 | D:1      | Reached XP level 1. HP: 17/17 MP: 1/1
    42 | D:1      | Reached XP level 2. HP: 23/23 MP: 2/2
   327 | D:1      | Reached XP level 3. HP: 16/28 MP: 2/4
   404 | D:1      | Reached skill level 1 in Invocations
   695 | D:1      | Reached skill level 1 in Short Blades
   695 | D:1      | Reached skill level 1 in Long Blades
   695 | D:1      | Reached skill level 1 in Axes
   695 | D:1      | Reached skill level 1 in Maces & Flails
   695 | D:1      | Reached skill level 1 in Polearms
   695 | D:1      | Reached skill level 1 in Staves
   695 | D:1      | Reached skill level 1 in Ranged Weapons
   695 | D:1      | Reached skill level 1 in Throwing
   695 | D:1      | Reached skill level 1 in Armour
   695 | D:1      | Reached skill level 1 in Stealth
   695 | D:1      | Reached skill level 1 in Shields
   695 | D:1      | Reached skill level 1 in Spellcasting
   695 | D:1      | Reached skill level 1 in Evocations
  1257 | D:2      | Reached XP level 4. HP: 34/34 MP: 5/5
  2090 | D:3      | Noticed Grinder
  2100 | D:3      | Killed Grinder
  2101 | D:3      | Reached skill level 5 in Dodging
  2101 | D:3      | Reached skill level 1 in Conjurations
  2101 | D:3      | Reached skill level 1 in Hexes
  2101 | D:3      | Reached skill level 1 in Summonings
  2101 | D:3      | Reached skill level 1 in Necromancy
  2101 | D:3      | Reached skill level 1 in Translocations
  2101 | D:3      | Reached skill level 1 in Transmutations
  2101 | D:3      | Reached skill level 1 in Fire Magic
  2101 | D:3      | Reached skill level 1 in Ice Magic
  2101 | D:3      | Reached skill level 1 in Air Magic
  2101 | D:3      | Reached skill level 1 in Earth Magic
  2101 | D:3      | Reached skill level 1 in Poison Magic
  2101 | D:3      | Reached XP level 5. HP: 13/41 MP: 5/7
  2101 | D:3      | Reached XP level 6. HP: 15/47 MP: 5/8
  2298 | D:3      | Found an ancient bone altar of Kikubaaqudgha.
  2553 | D:3      | Noticed an ice beast
  2563 | D:3      | Killed an ice beast
  2653 | D:3      | Reached XP level 7. HP: 46/52 MP: 10/10
  2897 | D:3      | Found a faded altar of an unknown god.
  2897 | D:3      | Noticed a chaos spawn
  3012 | D:5      | Entered Level 5 of the Dungeon
  3074 | D:5      | Found a sand-covered staircase.
  3079 | Ossuary  | Entered an ossuary
  3265 | Ossuary  | Reached XP level 8. HP: 60/60 MP: 12/12
  3760 | D:4      | Noticed Duvessa
  3762 | D:4      | Noticed Dowan
  3762 | D:4      | Noticed Blork the orc
  4059 | D:4      | Killed Dowan
  4068 | D:4      | Killed Duvessa
  4146 | D:4      | Killed Blork the orc
  4440 | D:4      | Found a stormy altar of Qazlal.
  4466 | D:4      | Noticed Ijyb
  4468 | D:4      | Paralysed by Ijyb for 2 turns
  4473 | D:4      | Paralysed by Ijyb for 3 turns
  4483 | D:4      | Paralysed by Ijyb for 3 turns
  4488 | D:4      | Killed Ijyb
  4621 | D:4      | Found a runed translucent door.
  4622 | D:4      | Noticed Crazy Yiuf
  4632 | D:4      | HP: 2/61 [Crazy Yiuf/+3 quarterstaff of chaos (11)]
  4632 | D:4      | Slain by Crazy Yiuf

Illustrated notes

Levels and vault maps discovered:
D:1:      mainiacjoe_arrival_oval_in_oval, layout_basic
D:2:      minmay_recursive_quarters, layout_basic
D:3:      layout_basic, nicolae_kikubaaqudgha_miasma_corner,
          serial_co_window_serial, co_window_paths_a, co_window_cross_1,
          co_window_of_opportunity_a, co_window_of_opportunity_a,
          co_window_paths_a, co_window_broadway_a, co_window_broadway_b,
          co_window_cross_4, co_window_corner_cb, glass_columns_b,
          glass_columns_a, glass_columns_a, glass_columns_b, glass_columns_c,
          dreamdust_ecumenical_altar_sealed_demon, uniq_grinder
D:4:      layout_basic, general_overflow_altar, minmay_stone_trees_small,
          uniq_crazy_yiuf_cottage, uniq_blork_the_orc, uniq_ijyb, uniq_duvessa
D:5:      layout_rooms, enter_ossuary_2, grunt_ministairs_11

Skill      XL: |  1  2  3  4  5  6  7  8 |
---------------+-------------------------+-----
Invocations    | 1 2 3 4 |  4.1
Short Blades   | 1 2 3 |  3.7
Long Blades    | 1 2 3 |  3.7
Axes           | 1 2 3 |  3.7
Maces & Flails | 1 2 3 |  3.7
Polearms       | 1 2 3 |  3.7
Staves         | 1 2 3 |  3.7
Ranged Weapons | 1 2 3 |  3.7
Throwing       | 1 2 3 |  3.7
Armour         | 1 2 3 |  3.7
Stealth        | 1 2 3 |  3.7
Shields        | 1 2 3 |  3.7
Spellcasting   | 1 2 3 |  3.7
Evocations     | 1 2 3 |  3.7
Fighting       | 3 4 |  4.5
Dodging        | 5 6 |  6.0
Conjurations   | 1 2 3 |  3.0
Hexes          | 1 2 3 |  3.0
Summonings     | 1 2 3 |  3.0
Necromancy     | 1 2 3 |  3.0
Translocations | 1 2 3 |  3.0
Transmutations | 1 2 3 |  3.0
Fire Magic     | 1 2 3 |  3.0
Ice Magic      | 1 2 3 |  3.0
Air Magic      | 1 2 3 |  3.0
Earth Magic    | 1 2 3 |  3.0
Poison Magic   | 1 2 3 |  3.0
Unarmed Combat | 7 |  7.6
Shapeshifting  | 7 |  7.4

Action                     |  1- 3 |  4- 6 |  7- 9 || total
---------------------------+-------+-------+-------++-------
  Melee: Unarmed           |    68 |    56 |   229 ||   353
         Bite              |     5 |     7 |    32 ||    44
         Punch             |     1 |     2 |       ||     3
  Throw: Boomerang         |     2 |     4 |       ||     6
    Use: Scroll            |       |       |    10 ||    10
         Potion            |       |       |     5 ||     5
   Stab: Sleeping          |     1 |       |       ||     1
 Armour: Animal skin       |    20 |       |       ||    20
         Scale mail        |    15 |    25 |   134 ||   174
         Chain mail        |       |       |    15 ||    15
         Skin              |       |       |     1 ||     1
  Dodge: Dodged            |    32 |    15 |    84 ||   131
   Form: Flux              |       |       |     1 ||     1

Table legend: (Time is in decaauts)
 A = Elapsed time spent in this place.
 B = Non-inter-level travel time spent in this place.
 C = Inter-level travel time spent in this place.
 D = Time resting spent in this place.
 E = Time spent auto-exploring this place.
 F = Levels seen in this place.
 G = Mean time per level.
                   A        B        C        D        E       F      G
               +--------+--------+--------+--------+--------+-----+--------+
         Total |   4568 |   4490 |     78 |    609 |   2200 |   6 |  761.3 |
       Dungeon |   4141 |   4063 |     78 |    431 |   2191 |   5 |  828.2 |
       Ossuary |    427 |    427 |      0 |    178 |      9 |   1 |  427.0 |
               +--------+--------+--------+--------+--------+-----+--------+

Top non-repeatable levels by time:
     D:3: 1236 daAuts
     D:2: 1070 daAuts
     D:1: 848 daAuts
     D:4: 721 daAuts
 Ossuary: 427 daAuts
     D:5: 264 daAuts
